AoeStats
← Setrakian

Coastal Forest

510895497Analyzed
3v3 RM · 23h ago on Oct 3, 2026· 40m 59s· 6 players
Game mode
Random Map
Map size
Normal (6 player)
Population
200
Speed
Normal
Resources
Standard
Victory
Conquest
Starting age
Dark Age
Ending age
Imperial Age
RankedLock teamsTeams togetherTeam positionsShared explorationLock speedFull tech treeHidden civsTurbo modeCheats
Victory
Defeat
🇦🇷 Danes · Argentina
1408
+8
🇦🇷 Magyars · Argentina
1276
+13
🇦🇷 Dravidians · Argentina
1259
+14
🇦🇷 Bengalis · Argentina
1261
-13
🇲🇽 Vietnamese · Mexico
1242
-13
🇦🇷 Cumans · Argentina
1157
-9
Setrakian
7:04 Loom
9:25 Feudal Age
9:54 Double-Bit Axe
14:53 Town Watch
15:42 Fishing Lines
18:12 Castle Age
17:42 Gold Mining
18:15 Fletching
19:34 Bloodlines
19:20 Bodkin Arrow
23:03 Husbandry
25:12 Wheelbarrow
24:45 Padded Archer Armor
27:28 Ballistics
27:10 Horse Collar
28:23 Leather Archer Armor
29:06 Heavy Plow
31:38 Thumb Ring
35:07 Stone Mining
39:15 Imperial Age
36:35 Light Cavalry
37:21 Scale Barding Armor
38:55 Chain Barding Armor
TimewornFish891
6:49 Loom
9:34 Feudal Age
16:48 Fletching
20:00 Double-Bit Axe
20:12 Horse Collar
21:15 Padded Archer Armor
22:37 Gold Mining
26:33 Castle Age
26:35 Crossbowman
27:11 Bodkin Arrow
28:10 Leather Archer Armor
29:16 Ballistics
35:25 Bow Saw
37:57 Heavy Plow
38:37 Wheelbarrow
Cuyano78
6:06 Loom
6:47 Loom
9:55 Feudal Age
12:05 Double-Bit Axe
16:54 Bloodlines
22:43 Castle Age
22:48 Scale Barding Armor
22:53 Forging
25:15 Wheelbarrow
26:18 Chain Barding Armor
26:33 Iron Casting
27:00 Horse Collar
29:08 Hand Cart
32:20 Bow Saw
37:29 Imperial Age
37:37 Heavy Plow
37:54 Steppe Husbandry
38:39 Conscription
37:48 Cavalier
39:07 Conscription
39:55 Light Cavalry
ojoalcasla
6:45 Loom
9:31 Feudal Age
13:58 Scale Barding Armor
16:07 Double-Bit Axe
18:14 Bloodlines
22:26 Castle Age
20:13 Horse Collar
23:16 Husbandry
24:20 Chain Barding Armor
26:40 Wheelbarrow
25:51 Town Watch
27:30 Gold Mining
27:45 Heavy Plow
36:55 Imperial Age
38:12 Plate Barding Armor
37:00 Cavalier
enzopasq13
6:20 Loom
9:58 Feudal Age
11:28 Fletching
15:02 Padded Archer Armor
21:49 Castle Age
20:02 Horse Collar
21:39 Gold Mining
21:37 Double-Bit Axe
23:23 Bodkin Arrow
23:44 Leather Archer Armor
25:04 Wheelbarrow
24:18 Town Watch
24:12 Crossbowman
25:00 Thumb Ring
26:01 Ballistics
35:08 Imperial Age
32:54 Hand Cart
32:26 Elite Skirmisher
35:44 Heavy Plow
35:58 Bow Saw
35:42 Stone Mining
36:15 Bracer
36:46 Ring Archer Armor
37:07 Ring Archer Armor
37:50 Chemistry
36:54 Elite Elephant Archer
ojoalcojo
11:26 Feudal Age
12:43 Loom
15:51 Castle Age
14:39 Double-Bit Axe
14:45 Gold Mining
16:16 Fletching
16:19 Fishing Lines
19:57 Wheelbarrow
21:01 Bow Saw
21:12 Gillnets
25:46 Bodkin Arrow
27:06 Horse Collar
29:39 Medium Warships
32:30 Hand Cart
35:19 Imperial Age
33:43 Gold Shaft Mining
34:36 Ballistics
34:32 Clinker Construction
35:25 Onager
39:10 Northmen's Fury
40:11 Conscription
39:26 Siege Onager
Connection lost

Rejoining the realm…

Still unreachable

The connection could not be restored.

Session expired

The server has moved on; the page needs a fresh start.